Map: [ESL] Hard Lead

Players

Classic

  • Race: Protoss Protoss
  • Spawn Location: 11:00

GunGFuBanDa - Winner!

  • Race: Protoss Protoss
  • League: Master
  • Spawn Location: 5:00

Event: IEM Katowice 2024

VOD

Have the link to the VOD?

Description

Time

  • Played on: Dec. 7, 2023, 2:31 p.m.
  • Length: 9:18

All games in this series

Show
View Real Time Build Order
Export as new Build Order

Classic Protoss 

Build Orders:  

Get SALT Encoding   

  12  0:00  Probe  
  13  0:12  Probe  
  14  0:18  Pylon  
  14  0:24  Probe  
  15  0:36  Gateway  
  15  0:37  Probe (Chrono Boost)  
  16  0:46  Assimilator, Probe (Chrono Boost)  
  17  0:51  Probe (Chrono Boost)  
  18  0:57  Assimilator  
  18  1:03  Probe (Chrono Boost)  
  19  1:08  Gateway  
  19  1:13  Probe (Chrono Boost)  
  19  1:17  Probe (Chrono Boost)  
  20  1:25  Cybernetics Core  
  21  1:29  Probe  
  22  1:36  Pylon  
  22  1:41  Probe  
  23  1:54  Probe  
  24  2:00  Warp Gate (Chrono Boost)  
  24  2:02  Stalker x2  
  28  2:09  Pylon  
  28  2:19  Robotics Facility  
  28  2:32  Stalker  
  28  2:35  Stalker  
  32  2:41  Gateway  
  32  3:04  Stalker  
  33  3:06  Warp Prism  
  35  3:18  Pylon  
  33  3:24  Shield Battery  
  33  3:42  Immortal (Chrono Boost)  
  33  3:44  Sentry  
  33  3:45  Sentry  
  40  3:52  Pylon  
  40  4:11  Adept x2  
  44  4:18  Immortal (Chrono Boost)  
  48  4:26  Pylon  
  48  4:52  Immortal  
  48  5:02  Sentry  
  48  5:08  Adept x2  
  48  5:13  Pylon  
  52  5:18  Gateway  
  40  5:44  Stalker x2  
  36  5:50  Immortal (Chrono Boost)  
  40  6:09  Adept x2  
  40  6:36  Adept x3  
  44  6:50  Warp Prism  
  46  7:02  Probe  
  47  7:15  Sentry, Adept x2  
  51  7:24  Robotics Bay  
  49  7:34  Probe  
  50  7:41  Adept x2  
  50  7:42  Adept  
  56  7:50  Pylon  
  56  8:06  Adept x3  
  60  8:29  Stalker x3  
  66  8:35  Pylon  
  60  8:55  Stalker x2  
Show
View Real Time Build Order
Export as new Build Order

GunGFuBanDa Protoss - Winner!

Build Orders:  

Get SALT Encoding   

  12  0:00  Probe  
  13  0:12  Probe  
  14  0:17  Pylon  
  14  0:24  Probe (Chrono Boost)  
  15  0:36  Probe (Chrono Boost)  
  15  0:38  Gateway  
  16  0:44  Probe (Chrono Boost)  
  16  0:45  Assimilator  
  17  0:51  Probe  
  17  0:53  Assimilator  
  18  1:03  Probe (Chrono Boost)  
  19  1:07  Gateway  
  19  1:12  Probe (Chrono Boost)  
  19  1:17  Probe (Chrono Boost)  
  21  1:26  Cybernetics Core  
  21  1:29  Probe  
  22  1:34  Pylon  
  22  1:41  Probe  
  23  2:02  Warp Gate, Stalker x2  
  27  2:09  Robotics Facility  
  27  2:16  Pylon  
  27  2:32  Stalker x2  
  34  2:59  Gateway  
  34  3:08  Shield Battery  
  34  3:09  Probe  
  35  3:12  Immortal (Chrono Boost)  
  35  3:20  Pylon  
  35  3:34  Pylon  
  35  3:48  Observer (Chrono Boost)  
  36  3:51  Probe  
  36  3:55  Sentry x2  
  39  3:59  Stalker  
  43  4:03  Warp Prism (Chrono Boost)  
  43  4:08  Pylon  
  45  4:18  Stalker  
  47  4:30  Probe  
  48  4:33  Stalker  
  50  4:43  Immortal  
  54  4:48  Pylon  
  54  5:18  Adept x2, Probe  
  54  5:19  Adept  
  53  5:47  Adept  
  53  5:48  Adept  
  55  5:51  Stargate  
  55  5:53  Pylon  
  55  6:00  Twilight Council  
  55  6:09  Nexus  
  55  6:11  Probe  
  50  6:23  Probe  
  51  6:26  Sentry, Stalker  
  51  6:29  Pylon  
  53  6:35  Probe  
  53  6:36  Blink (Chrono Boost)  
  54  6:52  Stalker x3  
  60  6:59  Probe  
  59  7:05  Shield Battery  
  57  7:14  Observer  
  57  7:17  Stalker x2  
  57  7:20  Probe  
  62  7:27  Probe  
  63  7:32  Probe  
  63  7:33  Shield Battery  
  64  7:39  Probe  
  65  7:53  Stalker  
  65  7:54  Stalker x2  
  71  8:00  Shield Battery  
  71  8:04  Shield Battery  
  71  8:14  Shield Battery  
  71  8:21  Stalker x2  
  71  8:23  Stalker  
  77  8:32  Pylon  
  77  8:34  Probe  
  78  8:40  Shield Battery  
  78  8:46  Stalker x3  
  66  9:12  Stalker x2  

Tags
 
Add a new tag
Caveats
  • Supply blocks, unpowered buildings, or Contaminate may cause inaccurate times.
  • Supply counts are checked every 10 seconds.